 Dungeon Crawl Stone Soup version 0.27-a0-1358-ga0a28fc8c3 (webtiles) character file.

Game seed: 2080028094920792498

32 Delamore the Sneak (level 3, 0/25 HPs)
             Began as an Octopode Brigand on June 28, 2021.
             Succumbed to an adder's poison
             ... on level 2 of the Dungeon.
             The game lasted 00:01:17 (1579 turns).

Delamore the Sneak (Octopode Brigand)               Turns: 1579, Time: 00:01:18

Health: 0/25       AC:  1    Str: 10    XL:     3   Next: 25%
Magic:  3/3        EV: 27    Int: 13    God:
Gold:   58         SH:  0    Dex: 14    Spells: 2/2 levels left

rFire    . . .     SeeInvis .   a - +3 dagger
rCold    . . .     Faith    .   (no shield)
rNeg     . . .     Spirit   .   (helmet restricted)
rPois    .         Reflect  .   g - amulet of the acrobat
rElec    .         Harm     .   d - ring of resist corrosion
rCorr    +         Rampage  .   (no ring)
Will     .....                  (no ring)
Stlth    ++++......             (no ring)
HPRegen  0.08/turn              (no ring)
MPRegen  0.08/turn              (no ring)
                                (no ring)
                                (no ring)

@: lethally poisoned (0 -> -6), acrobatic
A: almost no armour, amphibious, 8 rings, camouflage 1, gelatinous body 1,
(nimble swimmer 1), tentacles
a: no special abilities


You were on level 2 of the Dungeon.
You visited 1 branch of the dungeon, and saw 2 of its levels.

You collected 58 gold pieces.

Inventory:

Hand Weapons
 a - a +3 dagger (weapon)
Missiles
 b - 27 poisoned darts (quivered)
 c - 4 curare-tipped darts
Jewellery
 d - a ring of resist corrosion (left tentacle)
 g - an amulet of the acrobat (around mantle)
Scrolls
 e - a scroll of enchant armour
 f - 2 scrolls of identify


   Skills:
 + Level 2.5 Fighting
 + Level 2.6 Short Blades
 - Level 2.0 Throwing
 - Level 1.0 Dodging
 + Level 5.9 Stealth


You had 2 spell levels left.
You didn't know any spells.
Your spell library was empty.

Dungeon Overview and Level Annotations

Branches:
Dungeon (2/15)

Altars:

Shops:
D:1 *


Innate Abilities, Weirdness & Mutations

You cannot wear most types of armour.
You are amphibious.
You can wear up to eight rings at the same time.
Your skin changes colour to match your surroundings (Stealth+).
Your rubbery body absorbs attacks. (AC +1, EV +1)
((You are camouflaged near water. (Stealth+)))
You have tentacles for arms and can constrict up to eight enemies at once.


Message History

The adder is moderately wounded.
The ball python barely misses you. The ball python grabs you.
The ball python constricts you. The frilled lizard barely misses you.
The adder bites you.
You are poisoned.
The adder poisons you!
You hit the ball python.
You kill the ball python!
You feel sick. The adder bites you.
You are more poisoned.
The adder poisons you! The frilled lizard misses you.
You hit the adder. Your grab misses the adder.
The adder is moderately wounded.
You feel sick. The adder bites you but does no damage.
The frilled lizard barely misses you. The ball python bites you.
The ball python misses you.
You are too injured to fight recklessly!
You are too injured to fight recklessly!
You are too injured to fight recklessly!
There are monsters nearby!
You swing at nothing.
You feel sick. The frilled lizard bites you.
You swing at nothing.
You feel sick. The ball python barely misses you.
The ball python closely misses you. The adder bites you but does no damage.
The adder bites you.
* * * LOW HITPOINT WARNING * * *
You are lethally poisoned!
The adder poisons you!
You aren't carrying any potions.
Okay, then.
* * * LOW HITPOINT WARNING * * *
You feel very sick.
The frilled lizard hisses.
* * * LOW HITPOINT WARNING * * *
You feel sick. The frilled lizard barely misses you. The adder misses you.
* * * LOW HITPOINT WARNING * * *
You feel sick.
You aren't carrying any potions.
Unknown command.
Okay, then.
You die...

####.## #...... ### ####
#.#..#. #.. ..# #.#..#.
#.# #.# #.#....
#.#####.######.#.##.
#######.##........##.#.##.
#.......##.##.###.#.......
#....#SS.@....# #.#.#####.
##.....Sl#######
#.#.#####. #........#
#......##. #.....?.##
###.##.##. #.......# #.#
##. #.......# #.. ..
#.#.).### #... .# #.....
#.##. . ###.## #.# .. .


You could see 2 adders, a ball python and a frilled lizard.

Vanquished Creatures
  A worm (D:2)
  4 ball pythons
  2 giant cockroaches
  2 goblins
  6 hobgoblins
  A quokka (D:2)
  2 bats
  8 kobolds
  2 rats
28 creatures vanquished.

Notes
Turn   | Place    | Note
-------+----------+-------------------------------------------
     0 | D:1      | Delamore the Octopode Brigand began the quest for the Orb.
     0 | D:1      | Reached XP level 1. HP: 14/14 MP: 1/1
   246 | D:1      | Found a faded altar of an unknown god.
   289 | D:1      | Reached XP level 2. HP: 19/19 MP: 2/2
   992 | D:1      | Found Qiophomp's Assorted Antiques.
  1338 | D:2      | Reached XP level 3. HP: 23/25 MP: 3/3
  1577 | D:2      | HP: 1/25 [poisoned by an adder]
  1579 | D:2      | Succumbed to an adder's poison

Illustrated notes

Levels and vault maps discovered:
D:1:      psy_arrival_heroes, layout_basic, basic_ecumenical_altar,
          serial_shops, shop_fountains, amcnicky_mini_corridor_feature,
          st_stairs_13
D:2:      layout_loops_cross, serial_shops, shop_scrolls, basic_altar,
          uniq_robin

Action                   || total
-------------------------++-------
Melee: Dagger            ||    60
       Constrict         ||    14
       Tentacles         ||     5
  Use: Scroll            ||     2
 Stab: Sleeping          ||     8
Armor: Skin              ||     5
Dodge: Dodged            ||    33

Table legend: (Time is in decaauts)
 A = Elapsed time spent in this place.
 B = Non-inter-level travel time spent in this place.
 C = Inter-level travel time spent in this place.
 D = Time resting spent in this place.
 E = Time spent auto-exploring this place.
 F = Levels seen in this place.
 G = Mean time per level.
                   A        B        C        D        E       F      G
               +--------+--------+--------+--------+--------+-----+--------+
         Total |   1570 |   1547 |     23 |    328 |   1027 |   2 |  785.0 |
       Dungeon |   1570 |   1547 |     23 |    328 |   1027 |   2 |  785.0 |
               +--------+--------+--------+--------+--------+-----+--------+

Top non-repeatable levels by time:
     D:1: 1206 daAuts
     D:2: 364 daAuts
